 Dungeon Crawl Stone Soup version 0.31.0-11-ge490571c62 (webtiles) character file.

Game seed: 17895405903285289129

55 Gadfly the Insei (level 3, 0/29 HPs)
             Began as a Demonspawn Monk on Feb 2, 2024.
             Slain by a kobold
             ... wielding a +1 dagger of flaming
              (1 damage)
             ... on level 2 of the Dungeon.
             The game lasted 00:01:20 (1204 turns).

Gadfly the Insei (Demonspawn Monk)                  Turns: 1204, Time: 00:01:21

Health: 0/29       AC:  2    Str: 13    XL:     3   Next: 67%
Magic:  3/3        EV: 13    Int: 10    God:
Gold:   75         SH:  0    Dex: 15    Spells: 2/2 levels left

rFire   . . .        b - +4 dagger
rCold   . . .        c - orb {light}
rNeg    . . .        a - +0 robe
rPois   .            (helmet restricted)
rElec   .            (no cloak)
rCorr   .            (no gloves)
SInv    .            (no boots)
Will    .....        (no amulet)
Stlth   +            (no ring)
HPRegen 0.24/turn    (no ring)
MPRegen 0.08/turn

%: no passive effects
@: glowing
A: horns 1
a: no special abilities


You were on level 2 of the Dungeon.
You visited 1 branch of the dungeon, and saw 2 of its levels.

You collected 75 gold pieces.

Inventory:

Hand Weapons
 b - a +4 dagger (weapon)
Armour
 a - a +0 robe (worn)
 c - an orb of light (worn)
Scrolls
 h - a scroll of vulnerability {unknown}
 i - a scroll of enchant armour {unknown}
Potions
 d - a potion of berserk rage {unknown}
 e - a potion of invisibility {unknown}
 f - a potion of attraction {unknown}
 g - a potion of curing {unknown}


   Skills:
 - Level 3.0 Fighting
 + Level 3.0 Dodging
 * Level 3.2 Unarmed Combat
 * Level 1.6 Evocations
 * Level 1.2 Shapeshifting


You had 2 spell levels left.
You didn't know any spells.
Your spell library was empty.

Dungeon Overview and Level Annotations

Branches:
Dungeon (2/15)

Altars:

Annotations:
D:1 1 transporter


Innate Abilities, Weirdness & Mutations

You have a pair of small horns on your head.


Message History

You are too injured to fight recklessly!
You are too injured to fight recklessly!
You are too injured to fight recklessly!
You are too injured to fight recklessly!
You are too injured to fight recklessly!
You are too injured to fight recklessly!
You are too injured to fight recklessly!
You are too injured to fight recklessly!
Unknown command.
The frilled lizard attacks as it pursues you!
The frilled lizard barely misses you.
The frilled lizard attacks as it pursues you!
The frilled lizard bites you.
You see here a ring of protection from fire.
The frilled lizard attacks as it pursues you!
The frilled lizard bites you but does no damage.
The orc attacks as it pursues you! The orc completely misses you.
You hit the frilled lizard.
You kill the frilled lizard!
Found a dagger.
Found 8 stones.
The orc hits you from afar with a +0 trident.
The orc hits you with a +0 trident.
* * * LOW HITPOINT WARNING * * *
You hit the orc.
The orc is heavily wounded.
The orc hits you with a +0 trident.
* * * LOW HITPOINT WARNING * * *
You hit the orc but do no damage. You headbutt the orc.
You kill the orc!
You hit the kobold.
You headbutt the kobold, but do no damage.
The kobold is heavily wounded.
The kobold hits you but does no damage.
You completely miss the kobold. Your headbutt misses the kobold.
The kobold is heavily wounded.
The kobold hits you with a +1 dagger of flaming.
* * * LOW HITPOINT WARNING * * *
The kobold burns you.
You die...

...........# ....
....###....## . . .#
##...####...##### #.##...
#.....#........ .....#.
#.............. .......
########.........
(..#...##.......)........
.)......#../.........<...
........@K=........#.....
.........###..(......##..
.........##...?......#...
..........#.[........#.#.
...#......#..........#.#.
.# ##.##..)).........#.#.
#. #?..............##
................### #
#..##.#..........


You could see a kobold.

Vanquished Creatures
  2 adders (D:2)
  3 orcs (D:2)
  An endoplasm (D:1)
  3 giant cockroaches (D:1)
  A goblin (D:2)
  3 hobgoblins
  3 jackals (D:1)
  A quokka (D:1)
  A ball python (D:1)
  2 bats (D:1)
  3 frilled lizards
  8 kobolds
  3 rats
34 creatures vanquished.

Notes
Turn   | Place    | Note
-------+----------+-------------------------------------------
     0 | D:1      | Gadfly the Demonspawn Monk began the quest for the Orb.
     0 | D:1      | Reached XP level 1. HP: 18/18 MP: 1/1
   315 | D:1      | Gained mutation: You have a pair of small horns on your
                  | head. [demonic ancestry]
   315 | D:1      | Reached XP level 2. HP: 9/24 MP: 2/2
   377 | D:1      | Found a faded altar of an unknown god.
   459 | D:1      | Reached skill level 1 in Evocations
  1071 | D:2      | Reached skill level 1 in Shapeshifting
  1071 | D:2      | Reached XP level 3. HP: 29/29 MP: 3/3
  1204 | D:2      | HP: 1/29 [kobold/+1 dagger of flaming (2)]
  1204 | D:2      | Slain by a kobold

Illustrated notes

Levels and vault maps discovered:
D:1:      spicycebolla_arrival_risky_transporter, layout_basic,
          dreamdust_ecumenical_altar_statues
D:2:      layout_rooms

Skill      XL: |  1  2  3 |
---------------+----------+-----
Evocations     | 1 |  1.6
Unarmed Combat | 3 |  3.2
Shapeshifting  | 1 |  1.2
Dodging        | 3 |  3.0
Fighting       | |  3.0

Action                     || total
---------------------------++-------
  Melee: Unarmed           ||    91
         Headbutt          ||    12
         Dagger            ||    22
    Use: Scroll            ||     2
         Potion            ||     1
 Armour: Robe              ||    59
  Dodge: Dodged            ||    81
